 Dungeon Crawl Stone Soup version 0.19.5 (console) character file.

14772 Grinner the Fencer (level 11, -2/80 HPs)
             Began as a Minotaur Gladiator on Mar 2, 2017.
             Was a High Priest of Qazlal.
             Slain by a wyvern (14 damage)
             ... on level 1 of the Lair of Beasts.
             The game lasted 00:30:03 (10953 turns).

Grinner the Fencer (Minotaur Gladiator)            Turns: 10953, Time: 00:30:04

Health: -2/80      AC: 21    Str: 18      XL:     11   Next: 93%
Magic:  10/10      EV: 16    Int:  4 (5)  God:    Qazlal [*****.]
Gold:   198        SH: 11    Dex: 12 (14) Spells: 0 memorised, 10 levels left

rFire  . . .     SeeInvis .     b - +2 falchion (elec)
rCold  . . .     Gourm    .     k - +4 scale mail {rPois}
rNeg   . . .     Faith    .     m - +0 buckler
rPois  +         Spirit   .     (helmet unavailable)
rElec  .         Reflect  .     O - +0 cloak
rCorr  .         Harm     .     v - +0 pair of gloves
MR     .....     Clarity  +     g - +0 pair of boots
Stlth  .......... Rnd*Tele +    (no amulet)
                                (no ring)
                                s - +5 ring of protection

@: protected from physical damage, repel missiles
A: retaliatory headbutt, horns 3, clarity, deterioration 1, mutation resistance
1, screaming 1, teleportitis 1, weak 1
a: Upheaval, Elemental Force, Disaster Area, Renounce Religion


You were on level 1 of the Lair of Beasts.
You worshipped Qazlal.
Qazlal was extremely pleased with you.
You were not hungry.

You visited 3 branches of the dungeon, and saw 12 of its levels.

You collected 655 gold pieces.
You spent 457 gold pieces at shops.

Inventory:

Hand Weapons
 a - a +2 scimitar of flaming
 b - a +2 falchion of electrocution (weapon)
Missiles
 d - 3 throwing nets (quivered)
Armour
 c - a +2 hat
 g - a +0 pair of boots (worn)
 k - a +4 scale mail of poison resistance (worn)
 m - a +0 buckler (worn)
 v - a +0 pair of gloves (worn)
 O - a +0 cloak (worn)
Jewellery
 s - a +5 ring of protection (left hand)
 L - a cursed amulet of inaccuracy {unknown}
Wands
 t - a wand of flame (21/48)
 u - a wand of random effects (28/48)
 F - a wand of slowing (27/48)
 H - a wand of teleportation (5/9)
 N - a wand of polymorph (11/24)
 P - a wand of iceblast (15/15)
 T - a wand of digging (9/24)
 V - a wand of heal wounds (2/9)
Scrolls
 j - 5 scrolls of fog {unknown}
 o - 4 scrolls of teleportation
 r - a scroll of remove curse
 y - 3 scrolls of enchant weapon
 z - 2 scrolls of amnesia
 C - 2 scrolls of identify
 J - 2 scrolls of noise {unknown}
 K - a scroll of magic mapping {unknown}
 M - 3 scrolls of blinking {unknown}
 Q - a scroll of recharging
 S - a scroll of brand weapon {unknown}
 X - a scroll of acquirement {unknown}
Potions
 e - 2 potions of agility
 h - 4 potions of curing
 i - a potion of cancellation
 l - 4 potions of haste
 p - 3 potions of flight
 q - a potion of degeneration
 w - 3 potions of might
 x - 2 potions of heal wounds
 A - 2 potions of lignification {unknown}
 B - a potion of brilliance {unknown}
 D - 3 potions of magic {unknown}
 E - a potion of cure mutation {unknown}
 G - a potion of mutation {unknown}
 I - a potion of berserk rage
Books
 W - a book of Battle

   Spells                             Type                      Level
   a - Infusion                       Charms                       1
   b - Shroud of Golubria             Charms/Translocation         2
   c - Song of Slaying                Charms                       2
   d - Spectral Weapon                Hexes/Charms                 3
   e - Regeneration                   Charms/Necromancy            3
Comestibles
 f - 17 bread rations
 n - 7 fruits
 R - a beef jerky
 U - a meat ration


   Skills:
 - Level 2.4 Fighting
 + Level 15.4 Long Blades
 - Level 2.0 Throwing
 + Level 14.2 Dodging
 - Level 6.0 Shields


You had 10 spell levels left.
You didn't know any spells.

Dungeon Overview and Level Annotations

Branches:
Dungeon (10/15)            Temple (0/1) D:5            Lair (1/6) D:10
    Orc (1/2) D:9

Altars:
Cheibriados
Fedhas
Qazlal
Ru
Trog
Uskayaw
Vehumet
Xom
Beogh

Shops:
D:4 *   D:6 [   D:8 !   D:9 =

Annotations:
D:8 exclusion: oklob plant
Orc:1 HeyBub's ghost, journeyman MiFi


Innate Abilities, Weirdness & Mutations

You reflexively headbutt those who attack you in melee.
You have a pair of large horns on your head.
You possess an exceptional clarity of mind.
Your body sometimes deteriorates upon taking damage.
You are somewhat resistant to further mutation.
You occasionally shout uncontrollably at your foes.
You are occasionally teleported next to monsters.
You are weak. (Str -2)


Message History

You block the steam dragon's attack. x2
You barely miss the steam dragon. You headbutt the steam dragon!
The steam dragon is almost dead.
You hit the steam dragon.
You kill the steam dragon!
Qazlal accepts your kill.
The electric eel returns to its original shape as it dies.
You hit the wyvern.
The wyvern is heavily wounded.
The wyvern bites you!
* * * LOW HITPOINT WARNING * * *
You feel protected from physical attacks.
You closely miss the wyvern.
You headbutt the wyvern, but do no damage.
The wyvern is heavily wounded.
You slash the wyvern!
You headbutt the wyvern, but do no damage.
The wyvern is almost dead.
The wyvern bites you!
You die...

#l≈≈;≈†..l.#..................##
#l#≈≈###†#l#>#.#####.....###P.#
## ###D#.### #.....# #†.# #...#
##...## ##.## #.§.# ##..## #..#
#..§### #.#.####.## #..)§P#
#........#
##.#.########.####...#
#...l@......<.# ##..#
#.#.####.#.#### #..## #####
##### #..P# ############ #..##
##.#.##.....## #..#
#.....#..##..# #..#
###.P..#..###..# ##..##
#.#...##..##P..# #.....
.#...###......## ###.#.


You could see a wyvern.

Vanquished Creatures
  Fannar (D:10)
  Erica (D:8)
  The ghost of Chimkentus the Covert, a novice SpEn of Nemelex Xobeh (D:10)
  A hill giant (D:10)
  Pikel (D:8)
  A manticore (Lair:1)
  Joseph (D:9)
  A black mamba (Lair:1)
  2 komodo dragons (Lair:1)
  A hippogriff (Lair:1)
  A spriggan (D:7)
  2 basilisks (Lair:1)
  17 yaks
  A hungry ghost (D:10)
  A steam dragon (Lair:1)
  Grum (D:10)
  Menkaure (D:6)
  A water moccasin (Lair:1)
  3 porcupines (Lair:1)
  Duvessa (D:7)
  3 ice beasts
  5 orc warriors
  2 slaves (D:8)
  A necrophage (D:5)
  2 ogres (D:10)
  7 sky beasts
  2 black bears
  4 wolves (D:10)
  2 centaurs
  14 crocodiles (Lair:1)
  The ghost of Yackwabbit the Magician, an amateur DEWz (D:3)
  3 big kobolds
  8 bullfrogs
  Dowan (D:7)
  A wyvern zombie (D:7)
  A gnoll sergeant (D:9)
  A scorpion (D:8)
  8 killer bees
  A wight (Lair:1)
  An electric eel (Lair:1)
  7 howler monkeys
  3 crimson imps
  2 centaur zombies
  A quasit (D:8)
  4 hounds
  A jelly (D:10)
  9 orc priests
  3 bullfrog skeletons
  5 orc wizards
  Jessica (D:2)
  Ijyb (D:2)
  8 iguanas
  4 worker ants
  Terence (D:3)
  A worker ant zombie (D:6)
  Robin (D:3)
  3 gnolls (D:9)
  9 adders
  4 worms
  2 dart slugs (D:1)
  9 leopard geckos
  32 orcs
  A ball python (D:1)
  3 bats
  3 giant cockroaches
  16 goblins
  6 hobgoblins
  2 jackals (D:6)
  3 quokkas
  8 frilled lizards
  25 kobolds
  29 rats
  3 plants (D:10)
318 creatures vanquished.

Vanquished Creatures (others)
  A slave (D:8)
  An iguana (D:8)
  An orc wizard (D:8)
  An orc (D:8)
  A frilled lizard (Lair:1)
  4 fungi (Lair:1)
  A plant (Lair:1)
10 creatures vanquished.

Grand Total: 328 creatures vanquished

Notes
Turn   | Place    | Note
-------+----------+-------------------------------------------
     0 | D:1      | Grinner the Minotaur Gladiator began the quest for the Orb.
     0 | D:1      | Reached XP level 1. HP: 18/18 MP: 0/0
   158 | D:1      | Reached skill level 4 in Long Blades
   346 | D:1      | Reached XP level 2. HP: 25/25 MP: 1/1
   908 | D:2      | Reached skill level 1 in Shields
   927 | D:2      | Reached XP level 3. HP: 8/30 MP: 2/2
  1319 | D:2      | Found a faded altar of an unknown god.
  1320 | D:2      | Noticed Ijyb
  1331 | D:2      | Killed Ijyb
  1334 | D:2      | Reached XP level 4. HP: 15/37 MP: 3/3
  1713 | D:2      | Noticed Jessica
  1723 | D:2      | Killed Jessica
  1902 | D:2      | Reached skill level 5 in Long Blades
  2165 | D:3      | Noticed Robin
  2177 | D:3      | Killed Robin
  2177 | D:3      | Reached XP level 5. HP: 40/42 MP: 4/4
  2299 | D:3      | Noticed Terence
  2304 | D:3      | Killed Terence
  2732 | D:3      | Noticed Yackwabbit's ghost (amateur DEWz)
  2743 | D:3      | Killed Yackwabbit's ghost
  2743 | D:3      | Reached skill level 5 in Dodging
  2743 | D:3      | Reached XP level 6. HP: 40/50 MP: 5/5
  3105 | D:3      | Found a hide-covered altar of Uskayaw.
  3105 | D:3      | Found a sacrificial altar of Ru.
  3110 | D:3      | Found a radiant altar of Vehumet.
  3112 | D:3      | Found a stormy altar of Qazlal.
  3114 | D:3      | Found a shimmering altar of Xom.
  3331 | D:3      | Became a worshipper of Qazlal Stormbringer
  3442 | D:4      | Found Kidates's Elemental Accessories.
  3498 | D:4      | Reached skill level 6 in Long Blades
  3988 | D:5      | Entered Level 5 of the Dungeon
  4064 | D:5      | Found a staircase to the Ecumenical Temple.
  4076 | D:5      | Reached XP level 7. HP: 27/56 MP: 6/6
  4385 | D:5      | Reached skill level 5 in Shields
  4700 | D:5      | Reached skill level 7 in Long Blades
  4704 | D:5      | Gained mutation: You occasionally shout uncontrollably at your foes. [mutagenic meat]
  4705 | D:5      | Gained mutation: You are weak. (Str -2) [mutagenic meat]
  4706 | D:5      | Gained mutation: Your body sometimes deteriorates upon taking damage. [mutagenic meat]
  5023 | D:6      | Noticed Menkaure
  5030 | D:6      | Killed Menkaure
  5030 | D:6      | Reached XP level 8. HP: 58/62 MP: 7/7
  5057 | D:6      | Found Mippea's Armour Boutique.
  5070 | D:6      | Reached skill level 8 in Long Blades
  5166 | D:6      | Gained mutation: You have a pair of large horns on your head. [mutagenic meat]
  5167 | D:6      | Gained mutation: You are somewhat resistant to further mutation. [mutagenic meat]
  5168 | D:6      | Gained mutation: You possess an exceptional clarity of mind. [mutagenic meat]
  5854 | D:6      | Bought a +4 scale mail of poison resistance for 392 gold pieces
  5922 | D:7      | Noticed Duvessa
  5925 | D:7      | Noticed Dowan
  5931 | D:7      | Killed Duvessa
  5939 | D:7      | Reached skill level 9 in Long Blades
  5941 | D:7      | Killed Dowan
  5942 | D:7      | Reached * piety under Qazlal
  6102 | D:7      | Gained mutation: You are occasionally teleported next to monsters. [mutagenic meat]
  6170 | D:7      | Reached XP level 9. HP: 51/68 MP: 8/8
  6209 | D:7      | Reached skill level 10 in Long Blades
  6313 | D:7      | Found a snail-covered altar of Cheibriados.
  6637 | D:7      | Reached ** piety under Qazlal
  6976 | D:8      | Noticed Pikel
  6997 | D:8      | Killed Pikel
  6997 | D:8      | Reached skill level 11 in Long Blades
  6997 | D:8      | Reached skill level 10 in Dodging
  7210 | D:8      | Found Kacosmu's Distillery.
  7236 | D:8      | Bought a potion of berserk rage for 65 gold pieces
  7313 | D:8      | Noticed Erica
  7326 | D:8      | Killed Erica
  7326 | D:8      | Reached skill level 12 in Long Blades
  7326 | D:8      | Reached XP level 10. HP: 67/74 MP: 9/9
  7391 | D:8      | Found a blossoming altar of Fedhas.
  7408 | D:8      | Noticed an oklob plant
  7723 | D:9      | Found a bloodstained altar of Trog.
  7893 | D:9      | Found a staircase to the Orcish Mines.
  7918 | D:9      | Reached *** piety under Qazlal
  7930 | D:9      | Noticed Joseph
  7940 | D:9      | Killed Joseph
  8044 | D:9      | Found Bof Laxtal's Jewellery Shop.
  8454 | Orc:1    | Entered Level 1 of the Orcish Mines
  8623 | Orc:1    | Found a roughly hewn altar of Beogh.
  8697 | Orc:1    | Noticed HeyBub's ghost (journeyman MiFi)
  8722 | D:10     | Entered Level 10 of the Dungeon
  8975 | D:10     | Noticed a hill giant
  8991 | D:10     | Killed a hill giant
  8991 | D:10     | Reached skill level 13 in Long Blades
  9041 | D:10     | Noticed Chimkentus's ghost (novice SpEn)
  9056 | D:10     | Killed Chimkentus's ghost
  9077 | D:10     | Noticed Fannar
  9089 | D:10     | Killed Fannar
  9089 | D:10     | Reached XP level 11. HP: 66/80 MP: 10/10
  9122 | D:10     | Reached **** piety under Qazlal
  9199 | D:10     | Found a staircase to the Lair.
  9258 | D:10     | Noticed Grum
  9272 | D:10     | Killed Grum
  9530 | D:10     | Reached skill level 14 in Long Blades
  9848 | Lair:1   | Entered Level 1 of the Lair of Beasts
 10408 | Lair:1   | Reached skill level 15 in Long Blades
 10436 | Lair:1   | Reached ***** piety under Qazlal
 10953 | Lair:1   | Slain by a wyvern

Skill      XL: |  1  2  3  4  5  6  7  8  9 10 11 |
---------------+----------------------------------+-----
Long Blades    | 4 5 6 7 9 12 13 15 | 15.4
Shields        | 1 2 3 4 6 |  6.0
Dodging        | 4 5 6 8 10 12 14 | 14.2
Fighting       | |  2.4
Throwing       | |  2.0

Action                   |  1- 3 |  4- 6 |  7- 9 | 10-12 || total
-------------------------+-------+-------+-------+-------++-------
Melee: Long sword        |    45 |   159 |   314 |       ||   518
       Headbutt          |     5 |    31 |    77 |    98 ||   211
       Scimitar          |       |       |       |   120 ||   120
       Falchion          |       |       |       |   350 ||   350
Throw: Throwing net      |       |       |     1 |       ||     1
Evoke: Wand              |       |       |       |     2 ||     2
  Use: Potion            |     2 |       |       |     4 ||     6
       Scroll            |     5 |     8 |     3 |       ||    16
  Eat: Chunk             |     1 |     8 |    25 |    11 ||    45
       Meat ration       |       |       |     1 |       ||     1
       Bread ration      |       |       |       |     1 ||     1
Armor: Leather armour    |     9 |    28 |       |       ||    37
       Ring mail         |       |    27 |    29 |       ||    56
       Scale mail        |       |       |    79 |    81 ||   160
Dodge: Dodged            |    35 |   112 |   164 |   137 ||   448
Block: Buckler           |     5 |    41 |    89 |   169 ||   304
       Rpst.: Long sword |    13 |    28 |    48 |       ||    89
       Scimitar          |       |       |       |    16 ||    16
       Falchion          |       |       |       |    22 ||    22
